 Dungeon Crawl Stone Soup version 0.28-a0-793-g31680bbd8b (webtiles) character file.

Game seed: 8932895445891212962

497 swuauws the Poker (level 7, -6/46 (57) HPs)
             Began as a Merfolk Gladiator on Nov 3, 2021.
             Was a Plaything of Xom.
             Mangled by ytrimaz's ghost (8 damage)
             ... on level 4 of the Dungeon.
             The game lasted 00:38:17 (4527 turns).

swuauws the Poker (Merfolk Gladiator)               Turns: 4527, Time: 00:38:18

HP:   -6/46 (57)    AC:  4    Str: 20 (21) XL:     7   Next: 15%
MP:   7/7           EV: 11    Int:  7 (8)  God:    Xom [....*.]
Gold: 140           SH:  8    Dex: 16      Spells: 4/6 levels left

rFire   + . .      SeeInvis .   s - +12 mace of Courage {pain, Str+6}
rCold   . . .      Faith    .   p - +0 kite shield
rNeg    . . .      Spirit   .   b - +0 leather armour
rPois   .          Reflect  .   c - +0 helmet
rElec   .          Harm     .   (no cloak)
rCorr   .          Rampage  .   a - +0 pair of gloves
Will    +....                   (no boots)
Stlth   +.........              (no amulet)
HPRegen 0.15/turn               h - ring of willpower
MPRegen 0.10/turn               j - ring of protection from fire

@: heavily drained
A: (nimble swimmer 2), mertail, deformed body, deterioration 1, robust 1
a: Renounce Religion


You were on level 4 of the Dungeon.
You worshipped Xom.
You were a beloved toy of Xom.
You visited 1 branch of the dungeon, and saw 4 of its levels.
You also visited: Sewer.

You collected 140 gold pieces.

Inventory:

Hand Weapons
 g - a +2 trident of venom
 q - a +3 quarterstaff of chaos
 s - the +12 mace of Courage (weapon) {pain, Str+6}
   (You found it on level 4 of the Dungeon)

   In the hands of one skilled in necromantic magic, it inflicts extra damage on
   living creatures.
   Str:       It affects your strength (+6).
Missiles
 n - 2 javelins (quivered)
Armour
 a - a +0 pair of gloves (worn)
 b - a +0 leather armour (worn)
 c - a +0 helmet (worn)
 p - a +0 kite shield (worn)
 r - a +0 cloak
Jewellery
 h - a ring of willpower (left hand)
 j - a ring of protection from fire (right hand)
Scrolls
 e - a scroll of amnesia
 k - 2 scrolls of fear
 m - a scroll of noise
 t - 4 scrolls of enchant armour
 u - a scroll of vulnerability
 v - a scroll of summoning {unknown}
Potions
 f - a potion of cancellation
 i - 2 potions of curing
 l - 2 potions of flight {unknown}
 w - a potion of might {unknown}
 x - 2 potions of heal wounds {unknown}
 z - a potion of mutation {unknown}


   Skills:
 + Level 3.4 Fighting
 + Level 1.3 Maces & Flails
 + Level 6.8 Polearms
 + Level 2.4 Throwing
 + Level 2.4 Armour
 + Level 5.8 Dodging
 + Level 0.8 Stealth
 + Level 1.1 Shields


You had 4 spell levels left.
You knew the following spells:

 Your Spells              Type           Power      Damage    Failure   Level
a - Blink                 Tloc           0%         N/A       99%         2

Your spell library contained the following spells:

 Spells                   Type           Power      Damage    Failure   Level
 Static Discharge         Conj/Air       0%         N/A       99%         2
 Call Canine Familiar     Summ           0%         N/A       100%        3
 Portal Projectile        Hex/Tloc       0%         N/A       100%        3
 Leda's Liquefaction      Hex/Erth       0%         N/A       100%        4
 Petrify                  Tmut/Erth      0%         N/A       100%        4
 Lightning Bolt           Conj/Air       0%         1d11      100%        5
 Manifold Assault         Tloc           0%         N/A       100%        5
 Metabolic Englaciation   Hex/Ice        0%         N/A       100%        5
 Statue Form              Tmut/Erth      0%         N/A       100%        6
 Storm Form               Tmut/Air       0%         N/A       100%        7
 Maxwell's Capacitive Co  Air            0%         ∞         100%        8


Dungeon Overview and Level Annotations

Branches:
Dungeon (4/15)              Sewer (visited)
 Temple: D:4-7

Altars:
Xom

Annotations:
D:4 ytrimaz's ghost, amateur FoFi


Innate Abilities, Weirdness & Mutations

((You are quick and stealthy near water. (Stealth+, EV+, Speed+++)))
Your lower body shifts to a powerful aquatic tail in water.
Armour fits poorly on your strangely shaped body.
Your body sometimes deteriorates upon taking damage.
You are robust. (+10% HP)


Message History

Ytrimaz's ghost hits you.
You feel drained.
You sock ytrimaz's ghost!
Ytrimaz's ghost is heavily damaged.
Your butterfly disappears in a puff of smoke! x2
You block the orc warrior's attack. Ytrimaz's ghost hits you.
You feel drained. The orc warrior barely misses you.
You thump ytrimaz's ghost!
Ytrimaz's ghost is severely damaged.
Your butterfly disappears in a puff of smoke!
Ytrimaz's ghost hits you.
You feel drained. The orc warrior barely misses you.
Ytrimaz's ghost shouts, "You will join me soon!"
You block ytrimaz's ghost's attack.
You thump ytrimaz's ghost!
Ytrimaz's ghost is almost destroyed.
The orc warrior hits you with a +0 dire flail!
* * * LOW HITPOINT WARNING * * *
Ytrimaz's ghost barely misses you. The orc warrior barely misses you.
You enter the transporter and appear at another place. "Hum-dee-hum-dee-hum..."
The orc warrior suddenly stops moving!
You are now a beloved toy of Xom.
Ytrimaz's ghost hits you.
* * * LOW HITPOINT WARNING * * *
You feel drained.
* * * LOW HITPOINT WARNING * * *
Blink to where?
Press: ? - help, Dir - move target
As you read the scroll of blinking, it crumbles to dust.
The hobgoblin barely misses your butterfly. "Serve the mortal, my child!"
You barely miss ytrimaz's ghost.
Ytrimaz's ghost is severely damaged.
Ytrimaz's ghost hits you.
* * * LOW HITPOINT WARNING * * *
You feel drained.
* * * LOW HITPOINT WARNING * * *
Your ufetubus hits ytrimaz's ghost.
Your ufetubus barely misses ytrimaz's ghost.
Ytrimaz's ghost hits you!
You die...

.............#........#..##.# #.
#.##.###.##.##........#..##.####.
............##........#..##......
#.#.##.#.##.##...........##....#.
#........##....................#.
.....#.#....##.#...............#.
#......#.##........##....#.......
.....#...##.##.#W5..#........####
##.#.#.#.##.'W.#@...#............
.......#....####....#....#..#.###
#.##.#.#.##W####.#..#....#......
.........##....#.#.......####....
###.##.#.##..............########
# #.##.#.##....#.#............. .
. ................#.#.#.#####
.#####.#########.##.....#.#
.....#.##.........<#....#.#


You could see ytrimaz's ghost (ally target) and a friendly ufetubus (summoned).

Vanquished Creatures
  A wyvern zombie (D:4)
  A hound (D:4)
  Crazy Yiuf (D:3)
  An orc priest (D:4)
  An orc wizard (D:4)
  A howler monkey skeleton (D:4)
  13 adders
  8 river rats
  2 worms (D:3)
  6 dart slugs
  8 orcs
  11 ball pythons
  5 endoplasms
  5 giant cockroaches
  3 goblins
  4 hobgoblins
  6 jackals (D:1)
  3 quokkas (D:2)
  7 bats
  5 frilled lizards
  2 kobolds
  30 rats
124 creatures vanquished.

Notes
Turn   | Place    | Note
-------+----------+-------------------------------------------
     0 | D:1      | swuauws the Merfolk Gladiator began the quest for the Orb.
     0 | D:1      | Reached XP level 1. HP: 16/16 MP: 1/1
   197 | D:1      | Reached XP level 2. HP: 19/22 MP: 2/2
   488 | D:1      | Reached skill level 5 in Polearms
   543 | D:1      | Reached XP level 3. HP: 26/28 MP: 3/3
  1351 | D:2      | Found a faded altar of an unknown god.
  1354 | D:2      | Prayed at the altar of an unknown god.
  1354 | D:2      | Became a worshipper of Xom of Chaos
  1466 | D:2      | Reached XP level 4. HP: 18/34 MP: 4/4
  1586 | D:2      | XOM: divination: magic mapping
  1982 | D:3      | XOM: smoke on damage
  1983 | D:3      | Reached skill level 1 in Armour
  2107 | D:3      | Reached skill level 6 in Polearms
  2271 | D:3      | Found a runed translucent door.
  2272 | D:3      | Noticed Crazy Yiuf
  2313 | D:3      | Killed Crazy Yiuf
  2314 | D:3      | Reached XP level 5. HP: 32/39 MP: 5/5
  2848 | D:4      | Identified the +12 mace of Courage {pain, Str+6}
  2885 | D:4      | Found a transporter.
  2890 | D:4      | Noticed an orc warrior
  2890 | D:4      | Noticed ytrimaz's ghost (amateur FoFi)
  2908 | D:4      | Noticed a black bear
  2915 | D:4      | Found a transporter.
  3018 | D:4      | XOM: smoke on damage
  3022 | D:4      | Reached skill level 5 in Dodging
  3022 | D:4      | Reached XP level 6. HP: 30/46 MP: 6/6
  3049 | D:4      | Found a glowing drain.
  3067 | D:4      | XOM: silly message
  3099 | Sewer    | Entered a sewer
  3298 | Sewer    | XOM: silly message
  3380 | Sewer    | Reached skill level 1 in Maces & Flails
  3456 | Sewer    | XOM: give mutations
  3456 | Sewer    | Gained mutation: You are clumsy. (Dex -2) [Xom's mischief]
  3456 | Sewer    | Gained mutation: You are robust. (+10% HP) [Xom's mischief]
  3456 | Sewer    | Gained mutation: Your body sometimes deteriorates upon
                  | taking damage. [Xom's mischief]
  3467 | Sewer    | XOM: chaos cloud
  3471 | Sewer    | XOM: chaos cloud
  3506 | Sewer    | XOM: silly message
  3528 | Sewer    | Noticed an ice beast
  3528 | Sewer    | a bullfrog changed into an ice beast
  3528 | Sewer    | XOM: polymorph bullfrog -> ice beast
  3529 | Sewer    | XOM: confusion
  3534 | Sewer    | XOM: summons 1 hostile shadow creature
  3539 | Sewer    | XOM: silly message
  3553 | Sewer    | XOM: blink monster(s)
  3845 | D:4      | Learned a level 2 spell: Blink
  3995 | D:4      | Reached skill level 1 in Shields
  3995 | D:4      | Reached XP level 7. HP: 26/57 MP: 7/7
  4461 | D:4      | XOM: give mutations
  4461 | D:4      | Gained mutation: Armour fits poorly on your strangely
                  | shaped body. [Xom's mischief]
  4461 | D:4      | Lost mutation: You are clumsy. (Dex -2) [Xom's mischief]
  4487 | D:4      | XOM: scenery: summon butterflies
  4506 | D:4      | XOM: enchant monster (good)
  4526 | D:4      | XOM: summons friendly ufetubus
  4527 | D:4      | HP: 2/46 [ytrimaz's ghost (2)]
  4527 | D:4      | Mangled by ytrimaz's ghost

Illustrated notes

Levels and vault maps discovered:
D:1:      elethiomel_arrival_fortress_basement, layout_basic
D:2:      layout_loops_ring, hellmonk_ecumenical_altar_inner_sanctum,
          nrook_campfire, corexii_leaking_fountain
D:3:      layout_rooms, feat_on_display, uniq_crazy_yiuf_cottage
D:4:      layout_basic, portal_sewer_entry_c, gammafunk_ghost_arena,
          hangedman_decor_push, minmay_diced_spiral

Skill      XL: |  1  2  3  4  5  6 |
---------------+-------------------+-----
Polearms       | 5 6 |  6.8
Armour         | 1 2 |  2.4
Dodging        | 5 |  5.8
Fighting       | 3 |  3.4
Maces & Flails | 1 |  1.3
Shields        | 1 |  1.1
Throwing       | |  2.4
Stealth        | |  0.8

Action                   |  1- 3 |  4- 6 |  7- 9 || total
-------------------------+-------+-------+-------++-------
Melee: Trident           |   100 |    64 |       ||   164
       Mace              |       |   108 |    18 ||   126
       Tailslap          |       |     4 |       ||     4
Throw: Throwing net      |       |     3 |       ||     3
  Use: Scroll            |     3 |    10 |     1 ||    14
       Potion            |       |     1 |     1 ||     2
 Stab: Held in net/web   |       |     1 |       ||     1
Armor: Leather armour    |    43 |    52 |     3 ||    98
Dodge: Dodged            |    90 |   145 |    13 ||   248
Block: Kite shield       |       |    83 |     6 ||    89

Table legend: (Time is in decaauts)
 A = Elapsed time spent in this place.
 B = Non-inter-level travel time spent in this place.
 C = Inter-level travel time spent in this place.
 D = Time resting spent in this place.
 E = Time spent auto-exploring this place.
 F = Levels seen in this place.
 G = Mean time per level.
                   A        B        C        D        E       F      G
               +--------+--------+--------+--------+--------+-----+--------+
         Total |   4517 |   4517 |      0 |      0 |    283 |   5 |  903.4 |
       Dungeon |   4085 |   4085 |      0 |      0 |    283 |   4 | 1021.2 |
         Sewer |    432 |    432 |      0 |      0 |      0 |   1 |  432.0 |
               +--------+--------+--------+--------+--------+-----+--------+

Top non-repeatable levels by time:
     D:4: 1429 daAuts
     D:1: 1037 daAuts
     D:2: 913 daAuts
     D:3: 704 daAuts
   Sewer: 432 daAuts
